 Seeded DCSS version 0.30.1-9-gdf580d7c3d (webtiles) character file.

Game seed: 9106806156630997546 (custom seed)

28455 Psyclone the Destroyer (level 13, -11/74 HPs)
             Began as a Deep Elf Conjurer on Oct 7, 2023.
             Was an Initiate of Ashenzari.
             Mangled by an orc warrior
             ... wielding a +0 battleaxe
             ... led by an orc warlord
              (30 damage)
             ... on level 1 of the Orcish Mines.
             The game lasted 01:05:56 (18900 turns).

Psyclone the Destroyer (Deep Elf Conjurer)         Turns: 18900, Time: 01:05:57

Health: -11/74     AC:  7    Str:  4    XL:     13   Next: 9%
Magic:  2/31       EV: 14    Int: 31    God:    Ashenzari [......]
Gold:   1474       SH: 16    Dex: 17    Spells: 20/36 levels left

rFire   + + .        R - +7 captain's cutlass {speed, disarm}
rCold   + . .        G - +0 kite shield
rNeg    + + .        c - +0 robe
rPois   +            d - +0 helmet
rElec   .            T - scarf {repulsion}
rCorr   +            f - +0 pair of gloves
SInv    +            g - +2 pair of boots
Will    +....        h - amulet of the Restrained Sky {Reflect Int+2 Dex+4 SH+5 SInv Stlth-, Elem, Fort} (curse)
Stlth   +            i - ring "Bitex" {rC+ rN++ rCorr}
HPRegen 0.32/turn    j - ring of Xobb {rPois rF++ rCorr}
MPRegen 0.22/turn

%: repel missiles, reflection
@: studying Throwing
A: no striking features
a: Renounce Religion, Curse Item, Shatter the Chains


You were on level 1 of the Orcish Mines.
You worshipped Ashenzari.
Ashenzari was noncommittal.
You visited 3 branches of the dungeon, and saw 15 of its levels.
You also visited: Sewer.

You collected 2930 gold pieces.
You spent 1456 gold pieces at shops.

Inventory:

Hand Weapons
 a - the +9 mace of World Downfall {flame, Will+ SInv}
   (You found it on level 4 of the Dungeon)

   SInv:      It lets you see invisible.
   Will:      It increases your willpower.
 R - the +7 captain's cutlass (weapon) {speed, disarm}
   (You took it off a centaur warrior on level 10 of the Dungeon)
 U - the +10 morningstar "Eos" {elec, Halo rElec}
   (You found it on level 12 of the Dungeon)

   Halo:      It grants its wielder a halo, revealing invisible creatures and
   increasing accuracy against all within it other than the wielder.
   rElec:     It insulates you from electricity.
Missiles
 Q - 7 throwing nets {!f}
Armour
 c - a +0 robe (worn)
 d - a +0 helmet (worn)
 f - a +0 pair of gloves (worn)
 g - a +2 pair of boots (worn)
 G - a +0 kite shield (worn)
 P - the +2 robe of Liozacus {rPois rN+++ rCorr MP-9}
   (You found it on level 9 of the Dungeon)

   rPois:     It protects you from poison.
   rN:        It renders you almost immune to negative energy.
   MP:        It affects your magic capacity (-9).
   rCorr:     It protects you from acid and corrosion.
 T - a scarf of repulsion (worn)
Jewellery
 e - an amulet of the acrobat
 h - the cursed amulet of the Restrained Sky (around neck) {Reflect Int+2 Dex+4 SH+5 SInv Stlth-, Elem, Fort}
   (You bought it in a shop on level 1 of the Dungeon)

   [amulet of reflection]

   It reflects blocked missile attacks.
   Int:       It affects your intelligence (+2).
   Dex:       It affects your dexterity (+4).
   SInv:      It lets you see invisible.
   SH:        It affects your SH (+5).
   Stlth:     It makes you less stealthy.
   It has a curse which improves the following skills: Elements: Fire Magic, Ice
   Magic, Air Magic and Earth Magic.
   Fortitude: Armour and Shields.
 i - the ring "Bitex" (left hand) {rC+ rN++ rCorr}
   (You bought it in a shop on level 1 of the Dungeon)

   [ring of resist corrosion]

   rC:        It protects you from cold.
   rN:        It greatly protects you from negative energy.
   rCorr:     It protects you from acid and corrosion.
 j - the ring of Xobb (right hand) {rPois rF++ rCorr}
   (You bought it in a shop on level 1 of the Dungeon)

   [ring of resist corrosion]

   rF:        It greatly protects you from fire.
   rPois:     It protects you from poison.
   rCorr:     It protects you from acid and corrosion.
 k - a +5 ring of evasion
 u - a ring of flight
 L - a ring of willpower
Wands
 M - a wand of paralysis (11)
 V - a wand of iceblast (6)
 W - a wand of mindburst (6)
Scrolls
 l - a scroll of noise {unknown}
 n - 5 scrolls of enchant armour {unknown}
 p - 6 scrolls of poison {unknown}
 r - a scroll of vulnerability {unknown}
 t - 2 scrolls of blinking
 w - a scroll of fear {unknown}
 y - 5 scrolls of teleportation {unknown}
 z - 4 scrolls of immolation {unknown}
 A - 3 scrolls of enchant weapon {unknown}
 B - 8 scrolls of identify {unknown}
 C - a scroll of fog {unknown}
 D - 5 scrolls of brand weapon {unknown}
 N - 2 scrolls of magic mapping {unknown}
 O - a scroll of silence {unknown}
Potions
 b - 3 potions of magic
 m - 2 potions of might {unknown}
 o - 4 potions of attraction {unknown}
 q - a potion of haste {unknown}
 s - a potion of berserk rage {unknown}
 v - a potion of degeneration {unknown}
 x - a potion of invisibility {unknown}
 E - 2 potions of flight {unknown}
 F - 6 potions of brilliance {unknown}
 H - a potion of lignification {unknown}
 I - 7 potions of curing {unknown}
 J - 4 potions of heal wounds {unknown}
 K - 2 potions of mutation {unknown}
Miscellaneous
 S - a box of beasts


   Skills:
 - Level 6.0 Fighting
 - Level 9.0 Dodging
 - Level 2.4 Stealth
 + Level 8.2(8.6) Shields
 - Level 12.0 Spellcasting
 - Level 13.3 Conjurations
 - Level 3.5 Hexes
 - Level 4.3 Translocations
 - Level 9.0(9.4) Ice Magic
 * Level 5.0(5.3) Air Magic


You had 20 spell levels left.
You knew the following spells:

 Your Spells              Type           Power      Damage    Failure   Level
a - Magic Dart            Conj           100%       1d8       1%          1
b - Searing Ray           Conj           100%       2d8       1%          2
d - Fulminant Prism       Conj/Hex       31%        3d15      6%          4
e - Iskenderun's Mystic   Conj/Tloc      65%        2d13      4%          4
f - Freezing Cloud        Conj/Ice/Air   33%        6-21      11%         5

Your spell library contained the following spells:

 Spells                   Type           Power      Damage    Failure   Level
 Foxfire                  Conj/Fire      100%       2x1d9     1%          1
 Momentum Strike          Conj/Tloc      100%       3d10      1%          2
 Dazzling Flash           Conj/Hex       100%       N/A       1%          3
 Frozen Ramparts          Ice            100%       1d16      1%          3
 Ozocubu's Armour         Ice            67%        N/A       1%          3
 Apportation              Tloc           90%        N/A       3%          1
 Flame Wave               Conj/Fire      56%        2d13      12%         4
 Ice Form                 Ice/Tmut       47%        N/A       26%         4
 Summon Ice Beast         Ice/Summ       47%        N/A       26%         4
 Scorch                   Fire           36%        2d6       28%         2
 Fireball                 Conj/Fire      28%        3d12      32%         5
 Silence                  Hex/Air        23%        N/A       63%         5
 Leda's Liquefaction      Hex/Erth       14%        N/A       65%         4
 Starburst                Conj/Fire      28%        6d9       88%         6
 Ozocubu's Refrigeration  Ice            33%        4d14      97%         7
 Agony                    Necr           18%        N/A       99%         5
 Alistair's Intoxication  Tmut/Pois      12%        N/A       99%         5
 Lee's Rapid Deconstruct  Erth           9%         3d7*      99%         5
 Plasma Beam              Fire/Air       17%        2x1d32    100%        6
 Statue Form              Tmut/Erth      12%        N/A       100%        6
 Summon Cactus Giant      Summ           9%         N/A       100%        6
 Chain Lightning          Conj/Air       33%        3d44      100%        9


Dungeon Overview and Level Annotations

Branches:
Dungeon (12/15) Zot: 25909  Temple (1/1) D:5 Zot: 5836    Lair (0/5) D:9
    Orc (2/2) D:11 Zot: 8485     Elf (0/3) Orc:2         Sewer (visited)

Altars:
Ashenzari
Cheibriados
Dithmenos
Elyvilon
Fedhas
Gozag
Hepliaklqana
Kikubaaqudgha
Makhleb
Nemelex Xobeh
Okawaru
Qazlal
Ru
Sif Muna
Trog
Uskayaw
Vehumet
Wu Jian
Xom
Yredelemnul
Zin
The Shining One

Shops:
D:1 =   D:4 [   Orc:1 (   Orc:2 ((

Annotations:
D:9 exclusion: downstairs
D:10 3 runed translucent doors, 1 exclusion
D:12 3 runed translucent doors, IHitMyHead's ghost, journeyman MiBe


Message History

Confirm with . or Enter, or press ? or * to list all spells.
You don't have enough magic to cast this spell.
Casting: Iskenderun's Mystic Blast (dangerous; 4% risk of failure)
Confirm with . or Enter, or press ? or * to list all spells.
Okay, then.
Your magical contamination has completely faded away.
The orc warlord roars a battlecry!
The orc warrior goes into a battle-frenzy!
The orc warlord roars a battlecry!
The orc warrior goes into a battle-frenzy!
An orc comes into view. It is wielding a +0 dagger.
Casting: Iskenderun's Mystic Blast (dangerous; 4% risk of failure)
Confirm with . or Enter, or press ? or * to list all spells.
Okay, then.
You block the orc warrior's attack. x2
You block the orc warrior's attack.
The orc warrior hits you with a +0 battleaxe!!
* * * LOW HITPOINT WARNING * * *
You take 34 damage, and have 18/74 hp.
MASSIVE DAMAGE!!
Casting: Iskenderun's Mystic Blast (dangerous; 4% risk of failure)
Confirm with . or Enter, or press ? or * to list all spells.
You erupt in a blast of force!
The mystic blast hits the orc warrior!!
The orc warrior is severely wounded.
The orc warrior is knocked back by the mystic blast.
The orc warrior slams into the rock wall!
The orc warrior is severely wounded.
The mystic blast hits the orc warrior!
You kill the orc warrior!
Your Air Magic skill increases to level 5!
You now have 1/31 mp.
The orc warrior completely misses you.
You climb upwards.
There is a stone staircase leading down here.
The orc warrior attacks as you move away!
You block the orc warrior's attack.
The orc warrior attacks as you move away!
You block the orc warrior's attack.
The orc warrior attacks as you move away!
The orc warrior hits you with a +0 battleaxe!!
You die...

#..............#.##
##.##.......#.#### #
####....).....## ##
##.[.....#....###.
######....#.........##.
##.#.###.[.).........#..
#.......#)[[.....#......
#........>..............
##.##..@o[..............
##....^..................
##.#..#...................
#........#....#.##........
##.##.#.#.##...#..........
#...####....#...>........#
##.## ##............#....
### ###.#..#....####.#
########.## ###


You could see an orc warrior (strong).

Vanquished Creatures
  Harold (Orc:1)
  A hydra (D:10)
  4 centaur warriors (D:10)
  A boulder beetle (D:10)
  2 two-headed ogres
  A tengu warrior (D:11)
  An orc high priest (Orc:2)
  Nergalle (Orc:1)
  A goliath frog (shapeshifter) (D:8)
  2 deep elf pyromancers
  2 ugly things
  3 orc knights
  A manticore (shapeshifter) (D:10)
  An unseen horror (D:12)
  2 komodo dragons (D:12)
  An efreet (D:10)
  6 trolls
  Prince Ribbit (D:9)
  A slime creature (D:10)
  Sigmund (D:3)
  2 shadows
  12 yaks
  5 wraiths
  A vampire (D:12)
  A wyvern (D:8)
  A steam dragon (D:9)
  7 vampire mosquitoes (D:12)
  A water moccasin (D:7)
  5 wargs
  An acid dragon (D:10)
  3 sky beasts (D:7)
  A black bear (D:7)
  24 orc warriors
  5 centaurs
  A boggart (D:10)
  6 ogres
  A phantom (D:5)
  9 kobold brigands
  5 bullfrogs
  2 gnoll sergeants
  4 scorpions
  16 wights
  11 killer bees
  5 howler monkeys
  2 jellies
  28 orc priests
  2 gnoll boudas
  2 hounds (D:7)
  Crazy Yiuf (D:2)
  A sleepcap (D:6)
  Jessica (D:2)
  Natasha (twice) (D:3)
  3 iguanas
  32 orc wizards
  The ghost of deremet the Covert, a weakling GnDe of Okawaru (D:4)
  A mummy (D:5)
  Robin (D:2)
  23 gnolls
  9 adders
  5 river rats
  A white imp (D:5)
  A worm (D:2)
  2 dart slugs
  90 orcs
  10 ball pythons
  5 bats
  5 endoplasms
  4 giant cockroaches
  22 goblins
  2 hobgoblins
  5 jackals
  30 kobolds
  A quokka (D:4)
  3 training dummies (Orc:1)
  5 frilled lizards
  7 rats
  2 fulminant prisms (Orc:1)
472 creatures vanquished.

Vanquished Creatures (others)
  2 deep elf pyromancers (D:10)
  An orc priest (Orc:1)
  89 fulminant prisms
92 creatures vanquished.

Grand Total: 564 creatures vanquished

Notes
Turn   | Place    | Note
-------+----------+-------------------------------------------
     0 | D:1      | Psyclone the Deep Elf Conjurer began the quest for the Orb.
     0 | D:1      | Reached XP level 1. HP: 10/10 MP: 6/6
   325 | D:1      | Reached XP level 2. HP: 15/15 MP: 2/8
   378 | D:1      | Found Cetaas's Jewellery Emporium.
   635 | D:1      | Reached skill level 5 in Conjurations
   761 | D:2      | Found a stormy altar of Qazlal.
   874 | D:2      | Noticed Robin
   887 | D:2      | Killed Robin
   888 | D:2      | Reached XP level 3. HP: 17/19 MP: 2/9
   891 | D:2      | Learned a level 2 spell: Searing Ray
  1171 | D:2      | Noticed Jessica
  1181 | D:2      | Killed Jessica
  1182 | D:2      | Reached skill level 6 in Conjurations
  1182 | D:2      | Reached XP level 4. HP: 24/24 MP: 3/10
  1696 | D:3      | Noticed Natasha
  1701 | D:3      | Killed Natasha
  1777 | D:3      | Noticed Sigmund
  2242 | D:3      | Noticed Natasha
  2245 | D:3      | Killed Natasha
  2246 | D:3      | Reached skill level 7 in Conjurations
  2246 | D:3      | Reached XP level 5. HP: 20/28 MP: 6/11
  2289 | D:3      | Killed Sigmund
  2290 | D:3      | Reached skill level 8 in Conjurations
  2290 | D:3      | Reached XP level 6. HP: 28/32 MP: 3/12
  2664 | D:5      | Entered Level 5 of the Dungeon
  2735 | D:5      | Found a glowing drain.
  2765 | Sewer    | Entered a sewer
  3168 | Sewer    | Reached skill level 9 in Conjurations
  3213 | Sewer    | Reached XP level 7. HP: 36/36 MP: 5/13
  3283 | Sewer    | Reached skill level 13 in Conjurations
  3283 | Sewer    | Reached XP level 8. HP: 41/41 MP: 11/25
  3760 | D:5      | Learned a level 4 spell: Fulminant Prism
  3765 | D:5      | Learned a level 4 spell: Iskenderun's Mystic Blast
  3823 | D:4      | Found a runed translucent door.
  3973 | D:4      | Found Haiphupu's Antique Armour Emporium.
  4260 | D:4      | Reached skill level 1 in Translocations
  4340 | D:4      | Reached skill level 1 in Hexes
  4343 | D:4      | Identified the +9 mace of World Downfall {flame, Will+
                  | SInv}
  4481 | D:4      | Noticed deremet's ghost (weakling GnDe)
  4499 | D:4      | Killed deremet's ghost
  4816 | D:5      | Found a staircase to the Ecumenical Temple.
  4826 | Temple   | Entered the Ecumenical Temple
  4857 | Temple   | Became a worshipper of Ashenzari the Shackled
  4993 | D:5      | Reached XP level 9. HP: 35/45 MP: 14/27
  5230 | D:5      | Reached skill level 5 in Dodging
  5589 | D:5      | Found a snail-covered altar of Cheibriados.
  5997 | D:6      | Reached XP level 10. HP: 50/50 MP: 10/28
  6811 | D:6      | Identified a scroll of acquirement
  6811 | D:6      | Acquired 1146 gold pieces
  6927 | D:1      | Bought the amulet of Luotuh {Reflect Int+2 Dex+4 SH+5 SInv
                  | Stlth-} for 524 gold pieces
  6927 | D:1      | Bought the ring of Xobb {rPois rF++ rCorr} for 487 gold
                  | pieces
  6927 | D:1      | Bought the ring "Bitex" {rC+ rN++ rCorr} for 445 gold
                  | pieces
  7203 | D:2      | Found a runed translucent door.
  7204 | D:2      | Noticed Crazy Yiuf
  7209 | D:2      | Killed Crazy Yiuf
  7562 | D:7      | Reached skill level 1 in Fighting
  8336 | D:7      | Found a white marble altar of Elyvilon.
  8372 | D:8      | Noticed a cane toad
  8868 | D:8      | Noticed a goliath frog
  8877 | D:8      | Killed a goliath frog
  8878 | D:8      | Reached skill level 1 in Shields
  9469 | D:8      | Found a blossoming altar of Fedhas.
  9584 | D:8      | Found an ancient bone altar of Kikubaaqudgha.
  9591 | D:8      | Found a radiant altar of Vehumet.
  9874 | D:9      | Noticed Prince Ribbit
  9884 | D:9      | Killed Prince Ribbit
 10115 | D:9      | Found a staircase to the Lair.
 10166 | D:9      | Reached XP level 11. HP: 60/60 MP: 23/29
 10208 | D:9      | Found a sparkling altar of Nemelex Xobeh.
 10289 | D:9      | Identified the +2 robe of Liozacus {rPois rN+++ rCorr MP-9}
 10764 | D:10     | Entered Level 10 of the Dungeon
 11742 | D:10     | Found a runed translucent door.
 11743 | D:10     | Found a runed translucent door.
 11743 | D:10     | Noticed a catoblepas
 11743 | D:10     | Noticed a purple ugly thing
 11744 | D:10     | Found a runed translucent door.
 11744 | D:10     | Noticed a two-headed ogre
 11751 | D:10     | Noticed a centaur warrior
 11751 | D:10     | Noticed a deep elf pyromancer
 11757 | D:10     | Killed a deep elf pyromancer
 11758 | D:10     | Reached skill level 5 in Shields
 11775 | D:10     | Killed a centaur warrior
 11946 | D:10     | Noticed a boulder beetle
 11957 | D:10     | Noticed a centaur warrior
 11967 | D:10     | Killed a centaur warrior
 11969 | D:10     | Killed a boulder beetle
 12171 | D:10     | Got the Anthology of the Unstoppable Beggars
 12198 | D:10     | Noticed a cyan ugly thing
 12207 | D:10     | Killed a cyan ugly thing
 12287 | D:10     | Identified the +10 shortbow "Colidy" {flame, rElec}
 12287 | D:10     | Noticed a centaur warrior
 12293 | D:10     | Killed a deep elf pyromancer
 12293 | D:10     | Noticed an eight-headed hydra
 12295 | D:10     | Killed a centaur warrior
 12586 | D:10     | Killed an eight-headed hydra
 12627 | D:10     | Noticed a deep elf pyromancer
 12635 | D:10     | Killed a deep elf pyromancer
 12826 | D:10     | Noticed a boulder beetle
 12949 | D:10     | Identified the +0 hand axe of Charity {venom, rC- Str+3
                  | Int+3 Dex+3}
 12949 | D:10     | Noticed a centaur warrior
 12961 | D:10     | Killed a centaur warrior
 12962 | D:10     | Reached skill level 5 in Fighting
 12962 | D:10     | Reached skill level 1 in Ice Magic
 13511 | D:11     | Reached XP level 12. HP: 68/68 MP: 19/30
 13620 | D:11     | Found a staircase to the Orcish Mines.
 13652 | D:11     | Noticed a tengu warrior
 13708 | D:11     | Killed a tengu warrior
 14367 | D:12     | Reached skill level 5 in Ice Magic
 14520 | D:12     | Found the +10 morningstar "Eos" {elec, Halo rElec}
 14553 | D:12     | Got the Omnibus of Battling
 14627 | D:12     | Noticed IHitMyHead's ghost (journeyman MiBe)
 14648 | D:12     | Found a runed translucent gate.
 14648 | D:12     | Found a runed translucent gate.
 14648 | D:12     | Found a runed translucent gate.
 15125 | Orc:1    | Entered Level 1 of the Orcish Mines
 15125 | Orc:1    | Noticed Harold
 15132 | Orc:1    | Killed Harold
 15135 | Orc:1    | Noticed a two-headed ogre
 15283 | Orc:1    | Killed a two-headed ogre
 15298 | D:11     | Learned a level 5 spell: Freezing Cloud
 15542 | Orc:2    | Entered Level 2 of the Orcish Mines
 15978 | Orc:1    | Found Mibifi Iren's Firing Range.
 16071 | Orc:1    | Noticed Nergalle
 16079 | Orc:1    | Killed Nergalle
 16080 | Orc:1    | Reached skill level 1 in Air Magic
 16857 | Orc:2    | Found a staircase to the Elven Halls.
 17365 | Orc:2    | Found Qarrirofa's Weapon Shoppe.
 17874 | Orc:2    | Found Quaddake's Weapon Boutique.
 18229 | Orc:2    | Noticed an orc high priest
 18231 | Orc:2    | Noticed a two-headed ogre
 18234 | Orc:2    | Killed a two-headed ogre
 18235 | Orc:2    | Killed an orc high priest
 18236 | Orc:2    | Reached XP level 13. HP: 74/74 MP: 13/31
 18597 | Orc:2    | Noticed an orc warlord
 18896 | Orc:2    | Reached skill level 5 in Air Magic
 18900 | Orc:1    | Mangled by an orc warrior

Illustrated notes

Levels and vault maps discovered:
D:1:      onia_arrival_mini_spirals, layout_loops_ring, serial_shops, shop
D:2:      layout_rooms, basic_altar, reono_crystal_passage, minmay_tetromino_l2,
          uniq_robin, uniq_jessica, uniq_crazy_yiuf_cottage
D:3:      layout_loops_ring, uniq_sigmund, uniq_natasha
D:4:      layout_rooms, ebering_ghost_sewer_d, nicolae_take_the_stairs,
          grunt_ministairs_6, ebering_dispersal_statue_hall,
          minmay_ogre_servants
D:5:      nicolae_cairo_tiling_large, layout_basic, slow_altar_2,
          minmay_temple_entry_junction_2, portal_sewer_entry_b
D:6:      layout_cave_pools
D:7:      layout_basic, elyvilon_altar_3
D:8:      layout_basic, mainiacjoe_overflow_alcove_1,
          amethyst_overflow_temple_binary, serial_curves, eino_curves_04,
          eino_curves_03, eino_curves_02, eino_curves_02,
          chequers_serial_rivers_micro_a, minmay_misc_feat_doors
D:9:      layout_irregular_city, nemelex_altar_shiori, lair_entry_dummy,
          uniq_prince_ribbit1
D:10:     minmay_the_grid_triangle_9x9_recursive_2
          [minmay_the_grid_triangle_9x9_prize_center,
          minmay_the_grid_triangle_9x9_sparse_checkered,
          minmay_the_grid_triangle_9x9_zippers_vertical,
          minmay_the_grid_triangle_9x9_fully_insulated_deathbox], layout_basic,
          columned_hall_lemuel, minmay_evil_grid
D:11:     layout_rooms, david_orc_3
D:12:     layout_cave_pools, gammafunk_ghost_icy
Temple:   nicolae_temple_bog_church
Orc:1:    layout_caves, nicolae_shop_firing_range, uniq_harold, uniq_nergalle
Orc:2:    grunt_orc_community_town_hall, layout_caves,
          grunt_orc_community_big_house_1, grunt_orc_community_big_house_1,
          grunt_orc_community_house_3, grunt_orc_community_house_2,
          grunt_orc_community_house_1, grunt_orc_community_house_1,
          grunt_orc_community_house_2, grunt_orc_community_house_3,
          minmay_orc_temple_c

Skill      XL: |  1  2  3  4  5  6  7  8  9 10 11 12 13 |
---------------+----------------------------------------+-----
Conjurations   | 5 6 7 8 9 13 | 13.3
Spellcasting   | 11 12 | 12.0
Dodging        | 4 7 9 |  9.0
Translocations | 3 4 |  4.3
Hexes          | 2 3 |  3.5
Fighting       | 3 5 6 |  6.0
Shields        | 3 7 8 |  8.2
Ice Magic      | 2 9 |  9.0
Air Magic      | 4 5 |  5.0
Stealth        | |  2.4

Action                     |  1- 3 |  4- 6 |  7- 9 | 10-12 | 13-15 || total
---------------------------+-------+-------+-------+-------+-------++-------
  Melee: Falchion          |    22 |    46 |    24 |       |       ||    92
         Punch             |       |     3 |     1 |       |       ||     4
         Mace              |       |       |    19 |     2 |       ||    21
         Cutlass           |       |       |       |    60 |    13 ||    73
   Cast: Magic Dart        |    46 |    46 |    71 |   113 |       ||   276
         Searing Ray       |     3 |    19 |    20 |   108 |     2 ||   152
         Fulminant Prism   |       |       |    11 |    73 |     7 ||    91
         Iskenderun's Myst |       |       |     9 |   104 |    15 ||   128
         Freezing Cloud    |       |       |       |       |     3 ||     3
 Invoke: Curse Item        |       |       |       |     1 |       ||     1
    Use: Potion            |       |       |     1 |       |       ||     1
         Scroll            |       |       |       |     2 |       ||     2
   Stab: Sleeping          |     2 |       |       |       |       ||     2
 Armour: Robe              |     6 |     4 |     8 |    42 |       ||    60
  Dodge: Dodged            |    23 |    16 |    53 |   135 |    10 ||   237
         Repelled          |       |       |       |     2 |       ||     2
  Block: Other             |       |       |       |    14 |       ||    14
         Kite shield       |       |       |       |   204 |    25 ||   229
         Reflection        |       |       |       |    34 |     1 ||    35
